 Dungeon Crawl Stone Soup version 0.28-a0-1486-g8196b01 (webtiles) character file.

Game seed: 17310533462003050479

1093 Illumine the Magician (level 8, -4/44 HPs)
             Began as a Deep Elf Fire Elementalist on Jan 11, 2022.
             Was a Follower of Vehumet.
             Slain by Pikel (16 damage)
             ... on level 5 of the Dungeon.
             The game lasted 00:09:34 (5292 turns).

Illumine the Magician (Deep Elf Fire Elementalist)  Turns: 5292, Time: 00:09:34

Health: -4/44      AC:  2    Str:  5    XL:     8   Next: 9%
Magic:  11/20      EV: 14    Int: 28    God:    Vehumet [*.....]
Gold:   208        SH:  0    Dex: 19    Spells: 10/20 levels left

rFire   + + .      SeeInvis +   m - staff of fire
rCold   . . .      Faith    .   (no shield)
rNeg    . . .      Spirit   .   a - +0 robe
rPois   .          Reflect  .   (no helmet)
rElec   .          Harm     .   (no cloak)
rCorr   .          Rampage  .   (no gloves)
Will    .....                   (no boots)
Stlth   ++........              (no amulet)
HPRegen 0.14/turn               j - ring of Nimpoi {rF+ Int+5 Dex+4 SInv}
MPRegen 0.17/turn               p - ring of wizardry

@: no status effects
A: no striking features
a: Renounce Religion


You were on level 5 of the Dungeon.
You worshipped Vehumet.
Vehumet was aware of your devotion.
You visited 1 branch of the dungeon, and saw 5 of its levels.

You collected 208 gold pieces.

Inventory:

Hand Weapons
 l - a +1 dagger of venom
Armour
 a - a +0 robe (worn)
 n - the +0 cloak of Spite {Harm Regen+ Str-2}
   (You found it on level 4 of the Dungeon)

   Str:       It affects your strength (-2).
   Regen:     It increases your rate of health regeneration.
   Harm:      It increases damage dealt and taken.
Magical Staves
 m - a staff of fire (weapon)
Jewellery
 j - the ring of Nimpoi (left hand) {rF+ Int+5 Dex+4 SInv}
   (You found it on level 3 of the Dungeon)

   [ring of see invisible]

   Int:       It affects your intelligence (+5).
   Dex:       It affects your dexterity (+4).
   rF:        It protects you from fire.
   SInv:      It lets you see invisible.
 p - a ring of wizardry (right hand)
Wands
 i - a wand of flame (9)
Scrolls
 b - 2 scrolls of fear {unknown}
 d - a scroll of blinking {unknown}
 f - 2 scrolls of teleportation {unknown}
 g - a scroll of fog {unknown}
 h - 3 scrolls of identify {unknown}
 o - a scroll of enchant armour {unknown}
Potions
 c - a potion of heal wounds {unknown}
 e - 3 potions of curing {unknown}
 k - a potion of ambrosia {unknown}


   Skills:
 + Level 2.0 Fighting
 - Level 0.1 Staves
 * Level 4.5 Dodging
 - Level 2.4 Stealth
 + Level 6.8 Spellcasting
 + Level 5.1 Conjurations
 + Level 6.1 Fire Magic
 - Level 2.0 Evocations


You had 10 spell levels left.
You knew the following spells:

 Your Spells              Type           Power      Damage    Failure   Level
a - Foxfire               Conj/Fire      100%       2x1d9     1%          1
b - Scorch                Fire           100%       2d10      1%          2
c - Conjure Flame         Conj/Fire      58%        6-21      1%          3
d - Flame Wave            Conj/Fire      58%        2d9       2%          4

Your spell library contained the following spells:

 Spells                   Type           Power      Damage    Failure   Level
 Searing Ray              Conj           76%        2d7       1%          2
 Inner Flame              Hex/Fire       40%        N/A       1%          3
 Spider Form              Tmut/Pois      9%         N/A       7%          3
 Summon Cactus Giant      Summ           4%         N/A       96%         6
 Fire Storm               Conj/Fire      29%        8d7       100%        9


Dungeon Overview and Level Annotations

Branches:
Dungeon (5/15)
 Temple: D:4-7

Altars:
Cheibriados
Trog
Vehumet
Zin

Annotations:
D:3 Grinder
D:5 Pikel


Message History

Confirm with . or Enter, or press ? or * to list all spells.
Casting: Flame Wave (dangerous; 2% risk of failure)
Press: ? - help, Dir - look around, f - activate You feel a surge of power!
A wave of flame ripples out!
The flame wave engulfs the lemure.
The lemure is burned terribly!
You kill the lemure!
That felt strangely unrewarding. (Press . to intensify the flame waves.)
A lemure comes into view.
A wave of flame ripples out!
The flame wave engulfs Pikel!
Pikel is moderately wounded.
Pikel hits you with a +0 whip of electrocution!
A bullfrog zombie comes into view.
A wave of flame ripples out!
The flame wave engulfs Pikel.
Pikel is moderately wounded.
You finish channelling waves of flame.
An orc comes into view. It is wielding a +0 hand axe.
Pikel barely misses you.
An orc comes into view.
It is wielding a +1 short sword of holy wrath.
Pikel hits you with a +0 whip of electrocution!
Pikel says, "You'll make a fine lemure."
Pikel says, "You'll make a fine lemure."
An iguana comes into view.
Pikel waves his whip at you.
Casting: Flame Wave (dangerous; 2% risk of failure)
Confirm with . or Enter, or press ? or * to list all spells.
You feel a surge of power!
You conjure some foxfire!
The iguana hisses angrily.
The iguana hisses menacingly.
Pikel hits you with a +0 whip of electrocution!
The foxfire hits Pikel!
Pikel is heavily wounded.
The foxfire hits Pikel.
Pikel is heavily wounded.
The iguana barely misses you.
There is a stone staircase leading up here.
Pikel hits you with a +0 whip of electrocution!
* * * LOW HITPOINT WARNING * * *
You are electrocuted!
You die...

###..........(..###...
#..#............#....
#..#..............(..
##.........8.......###
##..##...........#..#_#
##...........8.8.####≈≈≈
#...............>...≈≈≈≈
###..........8.8.8....≈≈.≈
##...##...@.....##.....≈≈≈≈
#.........K....Z........≈≈≈
#..........l..#.......##...
#....#......5##.....#......
##...#............oZoZ.....
##########......#..##.5.......
##...## #..##.....##..#.###.#
#.....#####...#........#....#(.
###......##.....##.#..#........


You could see Pikel, a lemure, an iguana and a bullfrog zombie.

Vanquished Creatures
  Menkaure (D:4)
  A necrophage (D:4)
  An ogre (D:5)
  A centaur (D:5)
  2 lemures (D:5)
  2 phantoms
  A scorpion (D:5)
  A jelly (D:5)
  A bullfrog skeleton (D:4)
  A centaur skeleton (D:5)
  2 iguanas
  Terence (D:3)
  A scorpion zombie (D:5)
  An orc wizard (D:4)
  A howler monkey zombie (D:5)
  12 gnolls (D:4)
  4 adders
  An adder skeleton (D:3)
  8 dart slugs
  19 orcs
  6 ball pythons
  8 endoplasms
  2 giant cockroaches (D:1)
  9 goblins
  9 hobgoblins
  7 jackals
  9 kobolds
  A quokka (D:1)
  6 bats
  3 frilled lizards
  A rat (D:1)
123 creatures vanquished.

Vanquished Creatures (others)
  291 foxfires
291 creatures vanquished.

Grand Total: 414 creatures vanquished

Notes
Turn   | Place    | Note
-------+----------+-------------------------------------------
     0 | D:1      | Illumine the Deep Elf Fire Elementalist began the quest for
                  | the Orb.
     0 | D:1      | Reached XP level 1. HP: 10/10 MP: 6/6
    75 | D:1      | Reached XP level 2. HP: 15/15 MP: 0/8
   100 | D:1      | Learned a level 2 spell: Scorch
   808 | D:1      | Reached XP level 3. HP: 19/19 MP: 8/10
   814 | D:1      | Learned a level 3 spell: Conjure Flame
  1246 | D:1      | Found a faded altar of an unknown god.
  2359 | D:3      | Found a radiant altar of Vehumet.
  2364 | D:3      | Became a worshipper of Vehumet
  2435 | D:3      | Noticed Terence
  2445 | D:3      | Killed Terence
  2446 | D:3      | Reached XP level 4. HP: 24/24 MP: 4/12
  2585 | D:3      | Identified the ring of Nimpoi {rF+ Int+5 Dex+4 SInv}
  2685 | D:3      | Found a bloodstained altar of Trog.
  2929 | D:3      | Noticed Grinder
  3045 | D:4      | Reached XP level 5. HP: 28/28 MP: 12/14
  3046 | D:4      | Got the Grimoire of Heat and Transformation
  3172 | D:4      | Noticed Menkaure
  3183 | D:4      | Killed Menkaure
  3184 | D:4      | Reached skill level 5 in Spellcasting
  3184 | D:4      | Reached skill level 5 in Fire Magic
  3184 | D:4      | Reached XP level 6. HP: 32/32 MP: 9/16
  3428 | D:4      | Learned a level 4 spell: Flame Wave
  3463 | D:4      | Reached * piety under Vehumet
  3463 | D:4      | Offered knowledge of Shock by Vehumet.
  3676 | D:4      | Identified the +0 cloak of Spite {Harm Regen+ Str-2}
  3729 | D:4      | Found a glowing silver altar of Zin.
  3779 | D:4      | Reached XP level 7. HP: 37/37 MP: 4/18
  4019 | D:4      | Reached skill level 1 in Evocations
  4126 | D:4      | Reached skill level 1 in Fighting
  4384 | D:5      | Entered Level 5 of the Dungeon
  4808 | D:5      | Reached skill level 5 in Conjurations
  5088 | D:5      | Reached XP level 8. HP: 44/44 MP: 15/20
  5222 | D:5      | Found a snail-covered altar of Cheibriados.
  5246 | D:5      | Offered knowledge of Searing Ray by Vehumet.
  5250 | D:5      | Noticed Pikel
  5292 | D:5      | Slain by Pikel

Illustrated notes

Levels and vault maps discovered:
D:1:      roderic_octagonal_star, layout_basic,
          hellmonk_ecumenical_altar_pennies_from_heaven, minmay_pentomino_v4
D:2:      layout_loops_corners, corexii_corridor_pit
D:3:      layout_loops_ring, mainiacjoe_overflow_small_starburst,
          vehumet_crystals, kennysheep_orc_chapel, uniq_jessica, uniq_terence,
          uniq_grinder
D:4:      layout_basic, mainiacjoe_overflow_surrounded_room, uniq_menkaure
D:5:      layout_cave_pools, kennysheep_slug_shrine, serial_column_ruins,
          column_ruins_corridor_straight, column_ruins_open_tiny_water,
          column_ruins_grid_4, column_ruins_columns_straight,
          column_ruins_corridor_corner, column_ruins_open_tiny,
          column_ruins_open_tiny, chequers_serial_rivers_room_b,
          glass_columns_b, uniq_pikel

Skill      XL: |  1  2  3  4  5  6  7  8 |
---------------+-------------------------+-----
Conjurations   | 2 3 4 5 |  5.1
Fire Magic     | 4 5 6 |  6.1
Spellcasting   | 4 5 6 |  6.8
Dodging        | 4 |  4.5
Evocations     | 2 |  2.0
Fighting       | 1 2 |  2.0
Staves         | |  0.1
Stealth        | |  2.4

Action                   |  1- 3 |  4- 6 |  7- 9 || total
-------------------------+-------+-------+-------++-------
Melee: Unarmed           |     3 |       |       ||     3
 Cast: Foxfire           |    65 |    63 |    44 ||   172
       Scorch            |    10 |    15 |    20 ||    45
       Flame Wave        |       |       |     2 ||     2
Dodge: Dodged            |    24 |     8 |    17 ||    49

Table legend: (Time is in decaauts)
 A = Elapsed time spent in this place.
 B = Non-inter-level travel time spent in this place.
 C = Inter-level travel time spent in this place.
 D = Time resting spent in this place.
 E = Time spent auto-exploring this place.
 F = Levels seen in this place.
 G = Mean time per level.
                   A        B        C        D        E       F      G
               +--------+--------+--------+--------+--------+-----+--------+
         Total |   5295 |   5162 |    133 |    934 |   3389 |   5 | 1059.0 |
       Dungeon |   5295 |   5162 |    133 |    934 |   3389 |   5 | 1059.0 |
               +--------+--------+--------+--------+--------+-----+--------+

Top non-repeatable levels by time:
     D:4: 1584 daAuts
     D:1: 1386 daAuts
     D:2: 854 daAuts
     D:5: 750 daAuts
     D:3: 720 daAuts
